 Dungeon Crawl Stone Soup version 0.17-a0-963-gaa5423c (webtiles) character file.

764739 Gorice the Pyromancer (level 27, -5/181 HPs)
             Began as a Deep Elf Wanderer on Apr 27, 2015.
             Was the Champion of Vehumet.
             Killed from afar by a Hell Sentinel (37 damage)
             ... with a blast of hellfire
             ... in Pandemonium on May 8, 2015.
             The game lasted 19:40:18 (98140 turns).

Gorice the Pyromancer (Deep Elf Wanderer)          Turns: 98140, Time: 19:40:18

Health: -5/181     AC: 43    Str: 14    XL:     27
Magic:  41/69      EV: 26    Int: 41    God:    Vehumet [******]
Gold:   9163       SH:  8    Dex: 23    Spells: 19 memorised, 0 levels left

rFire  + + +     SeeInvis .     C - staff of conjuration
rCold  + . .     Clarity  .     G - +10 storm dragon armour of Honesty {rElec rC+ MP+9 Str+4}
rNeg   + . .     SustAb   .     J - +2 buckler {reflect}
rPois  +         Gourm    .     Z - +2 hat {Int+3}
rElec  +         Spirit   .     X - +2 cloak
rCorr  .         Warding  .     M - +1 pair of gloves of the Sparrow {Str+3 Dex+4 Slay+2}
rMut   +         Stasis   .     k - +4 pair of boots "Itzucwy" {rPois rF++ Str-2 Stlth+}
MR     ++...                    H - amulet "Boobuod" {rMut +Fly rF+}
Stlth  ++........               d - ring "Xolunov" {rN+ Int+8}
                                x - ring "Vytir" {+Inv MP+9 Dex+4}

@: swift, about to teleport, phasing, shrouded, very slightly contaminated,
studying 2 skills, repel missiles, quick, very resistant to hostile
enchantments, unstealthy
A: horns 1, robust 1
a: Renounce Religion, Evoke Invisibility, Evoke Flight
}: 4/15 runes: decaying, serpentine, slimy, silver


You were in Pandemonium.
You worshipped Vehumet.
Vehumet was exalted by your worship.
You were full.

You visited 12 branches of the dungeon, and saw 62 of its levels.
You visited Pandemonium 2 times, and saw 5 of its levels.
You also visited: Labyrinth, Trove, Ice Cave, Volcano and Wizlab.

You collected 12183 gold pieces.
You spent 3020 gold pieces at shops.

Inventory:

Hand weapons
 a - a +9 quick blade of freezing
   (You found it in a treasure trove)
 e - the +4 quick blade "Leco" {elec, +Rage rElec rF-}
   (You acquired it on level 4 of the Orcish Mines)

   Occasionally, upon striking a foe, it will discharge some electrical energy
   and cause terrible harm.
   It makes you vulnerable to fire.
   It insulates you from electricity.
   It lets you go berserk.
Armour
 k - the +4 pair of boots "Itzucwy" (worn) {rPois rF++ Str-2 Stlth+}
   (You found it on level 4 of the Vaults)

   It affects your strength (-2).
   It greatly protects you from fire.
   It protects you from poison.
   It makes you more stealthy.
 G - the +10 storm dragon armour of Honesty (worn) {rElec rC+ MP+9 Str+4}
   (You found it on level 4 of the Vaults)

   It affects your strength (+4).
   It protects you from cold.
   It insulates you from electricity.
   It affects your magic capacity (+9).
 J - a +2 buckler of reflection (worn)
   (You took it off a deep elf fighter on level 5 of the Vaults)
 M - the +1 pair of gloves of the Sparrow (worn) {Str+3 Dex+4 Slay+2}
   (You found it on level 8 of the Lair of Beasts)

   It affects your strength (+3).
   It affects your dexterity (+4).
   It affects your accuracy and damage with ranged weapons and melee attacks
   (+2).
 X - a +2 cloak (worn)
 Z - a +2 hat of intelligence (worn)
   (You found it in a treasure trove)
Magical staves
 C - an uncursed staff of conjuration (weapon)
 E - an uncursed staff of energy
 W - an uncursed staff of wizardry
Rods
 v - a +4 rod of ignition (14/14) {!a}
   (You took it off a deep elf demonologist on level 4 of the Depths)
Jewellery
 d - the ring "Xolunov" (right hand) {rN+ Int+8}
   (You took it off a death knight on level 3 of the Crypt)

   [ring of positive energy]

   It affects your intelligence (+8).
   It protects you from negative energy.
 f - an uncursed ring of flight
 o - the ring of Udacotas {SustAb rElec rPois rF++ rN+}
   (You took it off a necromancer on level 3 of the Depths)

   [ring of sustain abilities]

   It sustains your strength, intelligence and dexterity.
   It greatly protects you from fire.
   It insulates you from electricity.
   It protects you from poison.
   It protects you from negative energy.
 x - the ring "Vytir" (left hand) {+Inv MP+9 Dex+4}
   (You took it off a deep elf fighter on level 4 of the Depths)

   [ring of magical power]

   It affects your dexterity (+4).
   It affects your magic capacity (+9).
   It lets you turn invisible.
 y - the ring of Jealousy {rF+ rC+}
   (You found it in a treasure trove)

   [ring of protection from cold]

   It protects you from fire.
   It protects you from cold.
 D - the ring "Xaesch" {Dex+6 Slay+6}
   (You bought it in a shop on level 2 of the Snake Pit)

   [ring of slaying]

   It affects your dexterity (+6).
   It affects your accuracy and damage with ranged weapons and melee attacks
   (+6).
 H - the amulet "Boobuod" (around neck) {rMut +Fly rF+}
   (You found it in a treasure trove)

   [amulet of resist mutation]

   It protects you from mutation.
   It protects you from fire.
   It lets you fly.
 I - the ring of Zagie {Slay+3 SInv}
   (You found it in a treasure trove)

   [ring of see invisible]

   It affects your accuracy and damage with ranged weapons and melee attacks
   (+3).
   It enhances your eyesight.
 Q - the amulet of Makhleb's Regard {Regen+ Dex+6}
   (You found it on level 6 of the Lair of Beasts)

   [amulet of regeneration]

   It affects your dexterity (+6).
   It increases your rate of regeneration.
Magical devices
 b - a wand of disintegration (18)
 p - a wand of digging (5)
 t - a wand of disintegration (11)
 F - a wand of heal wounds (4) {!d}
 O - a wand of teleportation (3) {!d}
Scrolls
 c - 6 scrolls of fear {!r}
 g - 10 scrolls of blinking
 h - 2 scrolls of magic mapping {!r}
 j - 32 scrolls of remove curse
 z - 18 scrolls of identify
 A - 17 scrolls of teleportation {!r}
 K - a scroll of amnesia
 L - a scroll of enchant weapon
 N - a scroll of brand weapon
 R - 3 scrolls of enchant armour
 V - 13 scrolls of fog
Potions
 i - 6 potions of haste {!q}
 l - 4 potions of magic {!q}
 m - 27 potions of curing
 q - 13 potions of might {!q}
 r - 11 potions of heal wounds {!q}
 s - 3 potions of brilliance {!q}
 u - 5 potions of resistance {!q}
 B - 4 potions of cancellation {!q}
 P - 16 potions of agility {!q}
Books
 S - a manual of Armour {!d}
 T - a manual of Fighting {!d}
Miscellaneous
 w - 5 phantom mirrors
Comestibles
 n - 39 bread rations {!e}
 U - 43 fruits
 Y - 3 meat rations {!e}


   Skills:
 - Level 15.0 Fighting
 - Level 8.2 Short Blades
 - Level 1.0 Staves
 - Level 1.1 Throwing
 + Level 18.9 Armour
 - Level 16.0 Dodging
 - Level 8.2 Stealth
 - Level 5.0 Shields
 - Level 22.0 Spellcasting
 + Level 24.9 Conjurations
 - Level 18.1 Charms
 - Level 3.1 Summonings
 - Level 10.1 Translocations
 + Level 25.0 Fire Magic
 - Level 4.5 Air Magic
 - Level 15.0 Evocations


You couldn't memorise any spells.
You knew the following spells:

 Your Spells              Type           Power        Failure   Level  Hunger
b - Shroud of Golubria    Chrm/Tloc      ########..   0%          2    None
d - Bolt of Fire          Conj/Fire      #########.   1%          6    None
e - Throw Flame           Conj/Fire      ######       0%          2    None
f - Fire Storm            Conj/Fire      #########.   7%          9    ###....
g - Conjure Flame         Conj/Fire      ########     0%          3    None
h - Stone Arrow           Conj/Erth      ######       1%          3    None
i - Sticky Flame          Conj/Fire      ########     0%          4    None
j - Fireball              Conj/Fire      #########.   0%          5    None
k - Orb of Destruction    Conj           #########.   1%          7    None
A - Apportation           Tloc           #######...   1%          1    None
B - Summon Butterflies    Summ           ######..     1%          1    None
F - Flight                Chrm/Air       #######...   1%          3    None
H - Haste                 Chrm           ########     1%          6    None
J - Blink                 Tloc           N/A          1%          2    None
M - Repel Missiles        Chrm/Air       ######       1%          2    None
P - Phase Shift           Tloc           #######...   1%          5    None
R - Regeneration          Chrm/Necr      #######...   1%          3    None
S - Swiftness             Chrm/Air       #######.     1%          2    None
T - Control Teleport      Chrm/Tloc      ########..   1%          4    None


Dungeon Overview and Level Annotations

Branches:
Dungeon (15/15)            Temple (1/1) D:5            Lair (8/8) D:8
  Swamp (4/4) Lair:3        Snake (4/4) Lair:5        Slime (6/6) Lair:8
    Orc (4/4) D:9             Elf (3/3) Orc:4        Vaults (5/5) D:14
  Crypt (3/3) Vaults:3       Tomb (0/3) Crypt:3      Depths (5/5) D:15
    Zot (4/5) Depths:5

Altars:
Ashenzari
Cheibriados
Dithmenos
Elyvilon
Fedhas
Gozag
Kikubaaqudgha
Makhleb
Nemelex Xobeh
Okawaru
Qazlal
Ru
Sif Muna
Trog
Vehumet
Xom
Yredelemnul
Zin
The Shining One
Beogh
Jiyva

Shops:
Orc:1 :   Orc:4 :*([   Elf:1 %   Snake:2 *   Vaults:1 *   Depths:1 *
Depths:2 %

Portals:
Hell: Depths:1 Depths:2 Depths:3 Depths:4 Depths:5
Abyss: Depths:1 Depths:2 Depths:4
Pandemonium: Depths:2 Depths:3
Ziggurat: Depths:3

Annotations:
D:3 ogre!
D:4 2 ogres!
D:6 orc warrior!
D:7 orc warrior with /fire!
Elf:2 5 runed doors
Depths:5 exclusion: door


Innate Abilities, Weirdness & Mutations

You have a pair of small horns on your head.
You are robust (+10% HP).


Message History

Confirm with . or Enter, or press ? or * to list all spells.
Aiming: Orb of Destruction
Press: ? - help, Shift-Dir - straight line, f - Hell Sentinel
Aim: a Hell Sentinel You feel a surge of power!
The orb of destruction hits the Hell Sentinel.
The Hell Sentinel is severely wounded.
The Hell Sentinel gestures at you.
The hellfire explodes!
The blast of hellfire engulfs you!
You hear a roar!
Damage: 47 (max 47) Unknown command.
Read which item? (? for menu, Esc to quit)
Really read
A - 18 scrolls of teleportation {!r}?
As you read the scroll of teleportation {!r}, it crumbles to dust.
You feel strangely unstable. The Hell Sentinel gestures at you.
The iron shot hits you!
* * * LOW HITPOINT WARNING * * *
Damage: 44 (max 47) Unknown command.
Unknown command.
Casting: Orb of Destruction
Confirm with . or Enter, or press ? or * to list all spells.
You feel in control.
You feel your translocation being delayed.
You block the Hell Sentinel's attack.
The Hell Sentinel hits you but does no damage.
Casting: Control Teleport
Confirm with . or Enter, or press ? or * to list all spells.
Which direction? [ESC to cancel]
You are very lightly contaminated with residual magic.
You feel uncertain. The Hell Sentinel gestures at you.
The hellfire explodes!
The blast of hellfire engulfs you!
* * * LOW HITPOINT WARNING * * *
Damage: 39 (max 47) Unknown command.
Drink which item? (? for menu, Esc to quit)
Really quaff
r - 12 potions of heal wounds {!q}?
You feel much better. The Hell Sentinel gestures at you.
The iron shot is repelled.
Unknown command.
Casting: Blink
Confirm with . or Enter, or press ? or * to list all spells.
You feel quick. The Hell Sentinel gestures at you.
The hellfire explodes!
The blast of hellfire engulfs you!
You die...

..................
#..................
#..................
#..............####
#..............#
#..#####'####..#
#..'........#..#
#..#.....)..#..#
#.@#'#......#..+
#....#∩.....#..#
#.1..#......#..'
#....#......#
#....#......#
#..1.#......#
#######.1..#......#
#..........#......#
.
####.......#......#
...


You could see 3 Hell Sentinels.

Vanquished Creatures
  the royal jelly (Slime:6)
  Khufu (Crypt:3)
  Mara (Swamp:4)
  2 ancient liches
  Frederick (Crypt:2)
  A Killer Klown (Zot:4)
  Vashnia (Snake:4)
  4 caustic shrikes
  15 golden dragons
  A profane servitor (Crypt:3)
  3 bone dragons
  2 pandemonium lords (Pan)
  2 electric golems (Zot:2)
  Jorgrun (Depths:4)
  2 Brimstone Fiends (Pan)
  A shard shrike zombie (Crypt:1)
  An Ice Fiend (Pan)
  Rupert (Lair:8)
  A Hell Sentinel (Pan)
  12 tentacled monstrosities
  A moon troll (WizLab)
  3 titans
  7 liches
  2 quicksilver dragons
  3 deep elf blademasters
  2 Shadow Fiends (Pan)
  2 deep elf master archers (Elf:3)
  17 acid blobs
  9 sphinxes
  Gastronok (D:8)
  8 tentacled starspawn (WizLab)
  2 Executioners (Pan)
  Agnes (Elf:1)
  3 ancient champions
  2 thorn hunters
  Kirke (D:12)
  13 storm dragons
  3 revenants
  8 shadow dragons
  7 draconian monks
  Roxanne (Elf:1)
  14 frost giants
  13 tengu reavers
  13 greater nagas
  Wiglaf (Depths:2)
  8 azure jellies (Slime:6)
  A corrupter (Pan)
  11 fire giants
  6 draconian knights
  5 balrugs
  Aizul (Depths:2)
  A draconian scorcher (Zot:1)
  3 ghost moths (Zot:4)
  2 orc warlords
  4 iron dragons
  15 vault wardens
  A curse skull (Crypt:2)
  7 cacodemons
  A caustic shrike zombie (Depths:3)
  3 draconian zealots
  10 deep elf sorcerers
  3 warmongers (Pan)
  3 draconian shifters
  A ghoul (Crypt:3)
  2 reapers
  2 draconian annihilators
  6 spriggan defenders
  23 very ugly things
  13 ironheart preservers
  2 war gargoyles (Vaults:5)
  34 stone giants
  7 green draconians
  9 vampire knights
  8 draconian callers
  8 black draconians
  Nessos (D:12)
  3 blood saints (Pan)
  4 chaos champions (Pan)
  4 lorocyprocas (Pan)
  14 deep elf annihilators
  6 yellow draconians
  2 purple draconians (Zot:3)
  13 deep elf demonologists
  8 red draconians
  13 mottled draconians
  8 white draconians
  5 eidola
  7 deep elf death magi
  19 ettins
  32 vault guards
  18 jiangshi
  2 merfolk impalers
  2 crystal guardians
  5 green deaths
  2 mummy priests (Crypt:3)
  10 death oozes (Slime:6)
  5 deep elf high priests
  7 blizzard demons
  13 great orbs of eyes
  30 fire dragons
  8 rakshasas
  A minotaur (Lab)
  26 hydras
  13 anacondas
  5 death cobs
  3 entropy weavers
  16 ice dragons
  17 yaktaur captains
  6 spriggan air magi
  12 naga warriors
  12 monstrous demonspawn
  15 ogre magi
  3 catoblepae
  12 centaur warriors
  A merfolk avatar (Depths:1)
  4 death knights
  7 deep troll shamans
  5 alligators
  A queen ant (Lair:3)
  8 deep troll earth magi
  3 salamander stormcallers
  5 dancing weapons
  A hell beast (Pan)
  6 vampire magi
  A queen ant (shapeshifter) (D:15)
  2 orc high priests
  13 naga sharpshooters
  6 hell knights
  10 shock serpents
  5 death yaks (Lair:8)
  6 soul eaters
  10 spriggan berserkers
  7 tengu warriors
  Urug (Lair:4)
  A shock serpent (shapeshifter) (Depths:3)
  7 spriggans
  7 shadow wraiths
  Sonja (D:12)
  8 sun demons
  2 wretched stars (WizLab)
  2 sea snakes (shapeshifter)
  34 skeletal warriors
  A titan skeleton (Crypt:2)
  An iron troll (Depths:5)
  20 deep elf knights
  2 salamander mystics
  5 wizards
  2 infernal demonspawn (Pan)
  5 ice devils
  4 unseen horrors
  A death drake (shapeshifter) (Depths:3)
  4 flayed ghosts
  25 deep trolls
  10 phantasmal warriors
  3 spriggan druids (Swamp:4)
  11 harpies
  18 deep elf summoners
  9 hill giants
  2 shambling mangroves (Swamp:4)
  5 ice statues
  8 naga ritualists
  5 gelid demonspawn (Pan)
  A giant orange brain (shapeshifter) (D:14)
  9 putrid demonspawn (Pan)
  A swamp dragon (shapeshifter) (Depths:4)
  An obsidian statue (Zot:1)
  A lindwurm (shapeshifter) (Vaults:1)
  12 swamp dragons
  7 shadow demons
  A death drake (Zot:3)
  Pikel (D:8)
  A sea snake (Snake:4)
  13 necromancers
  5 giant orange brains
  A tengu zombie (Depths:3)
  25 ironbrand convokers
  16 deep elf conjurers
  5 oklob plants (Zot:1)
  16 orc knights
  5 griffons
  10 orc sorcerers
  83 ugly things
  5 mana vipers
  7 torturous demonspawn (Pan)
  2 fire giant zombies
  7 wolf spiders
  4 shining eyes
  A hornet (shapeshifter) (D:15)
  A hornet (Vaults:3)
  A draconian (shapeshifter) (Vaults:4)
  4 cyclopes
  11 salamanders
  A sphinx skeleton (Crypt:2)
  A mana viper (shapeshifter) (Vaults:3)
  A manticore (D:15)
  2 human skeletons
  28 moths of wrath
  24 orange demons
  3 centaur zombies
  11 sixfirhies
  A shadow dragon skeleton (Crypt:2)
  Maurice (D:8)
  13 vault sentinels
  A guardian serpent (shapeshifter) (Depths:2)
  A manticore (shapeshifter) (Vaults:5)
  An octopode (shapeshifter) (Vaults:2)
  An orange crystal statue (WizLab)
  A stone giant skeleton (Crypt:2)
  6 eyes of devastation
  A dire elephant zombie (Crypt:1)
  A spriggan zombie (Depths:1)
  26 elephants
  A gargoyle (D:15)
  22 large abominations
  A titan simulacrum (Depths:4)
  34 black mambas
  An alligator snapping turtle zombie (Crypt:2)
  A hellion (Pan)
  62 yaktaurs
  A kobold demonologist (Vaults:2)
  16 guardian serpents
  19 naga magi
  A torpor snail (shapeshifter) (Vaults:1)
  16 rust devils
  2 efreet
  11 komodo dragons
  22 spiny frogs
  18 smoke demons
  A shock serpent skeleton (Crypt:1)
  An elf (shapeshifter) (Vaults:4)
  8 guardian mummies
  7 fire drakes
  27 hellwings
  7 tormentors (Pan)
  2 komodo dragons (shapeshifter)
  22 deep elf priests
  3 burning bushes (Zot:1)
  15 red devils
  3 tengu conjurers
  A death yak skeleton (Crypt:1)
  A golden dragon simulacrum (Depths:4)
  25 two-headed ogres
  5 jumping spiders
  10 blue devils
  A fire vortex (Depths:1)
  A troll (shapeshifter) (Vaults:2)
  12 giant leeches
  A raiju (shapeshifter) (Vaults:4)
  3 trolls
  2 polar bears (Lair:8)
  9 boulder beetles
  28 ravens
  4 removed
  MONS_BABY_ALLIGATORs (Swamp:3)
  2 ettin zombies (Vaults:2)
  3 air elementals (Depths:4)
  11 freezing wraiths
  A minotaur skeleton (Lab)
  A black mamba zombie (Crypt:2)
  107 slime creatures
  2 ice dragon zombies (Depths:1)
  27 blink frogs
  A hornet zombie (D:14)
  A trapdoor spider (D:12)
  A removed MONS_BABY_ALLIGATOR (shapeshifter) (Depths:2)
  5 tarantellas
  11 ynoxinuls (Pan)
  A boulder beetle (shapeshifter) (Depths:2)
  3 bog bodies (Swamp:3)
  2 frost giant simulacra
  11 golden eyes (WizLab)
  A vampire (Crypt:2)
  13 redbacks
  A hog (shapeshifter) (Depths:1)
  An alligator skeleton (Crypt:2)
  18 humans (D:14)
  6 water elementals
  5 basilisks
  12 neqoxecs
  26 vampire mosquitoes
  59 yaks
  64 flying skulls
  24 deep elf magi
  2 fire elementals (Volcano)
  3 wyverns (Lair:8)
  10 hungry ghosts
  7 wraiths
  37 deep elf fighters
  A warg (shapeshifter) (D:15)
  A wind drake zombie (Crypt:1)
  3 steam dragons
  A hydra simulacrum (Crypt:3)
  9 shadows
  16 hippogriffs
  5 mottled dragons
  63 nagas
  A torturous demonspawn zombie (Crypt:1)
  A small abomination (Crypt:3)
  A salamander skeleton (Vaults:2)
  20 wolves
  6 insubstantial wisps
  15 water moccasins
  A human simulacrum (Vaults:1)
  A spiny frog zombie (Crypt:3)
  5 wargs
  A monstrous demonspawn zombie (Crypt:2)
  22 swamp worms
  A raven skeleton (Crypt:2)
  21 soldier ants
  3 hell hounds (Depths:4)
  2 phantoms
  A spider (shapeshifter) (Depths:4)
  A black bear (D:11)
  18 porcupines
  14 swamp drakes
  3 eyes of draining
  11 wasps
  A human zombie (Vaults:4)
  2 black bears (shapeshifter)
  48 orc warriors
  29 centaurs
  11 ice beasts
  44 ogres
  2 ettin simulacra
  10 necrophages
  5 sky beasts
  13 boggarts
  17 crocodiles
  3 removed MONS_BORING_BEETLEs
  6 lost souls
  A glowing shapeshifter simulacrum (Depths:4)
  A dryad skeleton (Crypt:1)
  13 big kobolds
  A wyvern zombie (D:12)
  29 giant frogs
  2 warg zombies
  3 wyvern skeletons
  5 killer bees (D:8)
  5 scorpions
  6 electric eels (Lair:7)
  12 wights
  A spriggan skeleton (Crypt:2)
  2 oklob saplings (Zot:1)
  10 crimson imps
  3 giant frog zombies
  9 hounds
  A lava snake (Snake:4)
  A quasit (D:12)
  A basilisk zombie (Lair:7)
  An iron imp (Depths:2)
  2 draconian simulacra (IceCv)
  34 orc priests
  23 jellies
  2 centaur skeletons
  4 giant frog skeletons
  42 orc wizards
  Jessica (D:2)
  A hell rat (Elf:1)
  A troll simulacrum (IceCv)
  17 iguanas
  A killer bee zombie (D:7)
  A brain worm zombie (Crypt:2)
  A mottled dragon zombie (Crypt:2)
  25 sheep
  38 worker ants
  2 crocodile zombies
  3 centaur simulacra
  4 hound skeletons
  2 hound zombies
  4 worker ant zombies
  2 mummies (D:7)
  2 gnolls (D:5)
  13 adders
  91 river rats
  An ogre simulacrum (IceCv)
  4 shadow imps
  5 naga simulacra
  An ufetubus (Pan)
  An ooze (D:3)
  An adder zombie (D:6)
  2 worms
  3 giant geckos
  168 orcs
  3 ball pythons
  12 bats
  2 bat skeletons
  2 bat zombies
  6 giant cockroaches
  23 hobgoblins
  18 jackals
  7 quokkas
  6 giant newts
  2 giant spores
  25 goblins
  A jackal zombie (Crypt:1)
  29 kobolds
  A quokka skeleton (D:4)
  A quokka zombie (D:5)
  18 rats
  A spectral kobold (Crypt:3)
  4 ballistomycetes
  A bush (Lair:8)
  A butterfly (Depths:2)
  4 fungi
  3 grand avatars (Pan)
  6 plants (Lair:8)
  8 starspawn tentacles (WizLab)
3598 creatures vanquished.

Vanquished Creatures (collateral kills)
  A jelly (Slime:6)
1 creature vanquished.

Vanquished Creatures (others)
  An eldritch tentacle (Depths:1)
  A frost giant (Depths:2)
  A draconian shifter (Zot:2)
  A deep elf knight (Depths:4)
  A wind drake (Zot:4)
  9 fire vortices
  2 humans (D:12)
  2 slaves (D:8)
  6 lost souls
  A centaur (D:8)
  2 big kobolds (D:12)
  A glowing shapeshifter simulacrum (Depths:4)
  A giant frog zombie (D:12)
  A hound (D:8)
  A jelly (D:15)
  2 orc wizards
  An iguana (D:8)
  A worker ant (D:8)
  5 kobolds
  A quokka (D:15)
  A giant spore (D:15)
  4 ballistomycetes (D:15)
  5 butterflies
  64 eldritch tentacle segments (Depths:1)
  9 fungi
  5 plants
  A singularity (WizLab)
  9 starspawn tentacles (WizLab)
  124 starspawn tentacle segments (WizLab)
263 creatures vanquished.

Grand Total: 3862 creatures vanquished

Notes
Turn   | Place    | Note
--------------------------------------------------------------
     0 | D:1      | Gorice, the Deep Elf Wanderer, began the quest for the Orb.
     0 | D:1      | Gorice set off with: a book of Spatial Translocations, the Incunabulum of Weightlessness, a +0 robe, a +0 dagger, a bread ration {!e}
     0 | D:1      | Reached XP level 1. HP: 12/12 MP: 5/5
     0 | D:1      | Identified the Incunabulum of Weightlessness
     2 | D:1      | Learned a level 1 spell: Shock
   192 | D:1      | Learned a level 1 spell: Apportation
   228 | D:1      | Reached skill level 1 in Short Blades
   333 | D:1      | Reached XP level 2. HP: 16/16 MP: 1/6
   405 | D:1      | Reached skill level 1 in Conjurations
  1056 | D:1      | Learned a level 2 spell: Shroud of Golubria
  1072 | D:1      | Reached skill level 2 in Short Blades
  1113 | D:1      | Reached XP level 3. HP: 13/20 MP: 7/7
  1655 | D:2      | Noticed Jessica
  1664 | D:2      | Killed Jessica
  1664 | D:2      | Reached skill level 2 in Conjurations
  1664 | D:2      | Reached XP level 4. HP: 21/25 MP: 1/8
  1980 | D:2      | Learned a level 2 spell: Blink
  1989 | D:3      | Noticed an ogre
  2012 | D:3      | Reached skill level 3 in Short Blades
  3023 | D:4      | Reached XP level 5. HP: 26/29 MP: 6/9
  3118 | D:4      | Reached skill level 3 in Conjurations
  3228 | D:4      | Reached skill level 4 in Short Blades
  3256 | D:4      | Reached skill level 2 in Spellcasting
  3280 | D:4      | Noticed an ogre
  3356 | D:4      | Reached skill level 1 in Air Magic
  3531 | D:4      | Reached XP level 6. HP: 34/34 MP: 5/11
  3635 | D:4      | Noticed an ogre
  4239 | D:3      | Reached skill level 5 in Short Blades
  4333 | D:2      | Reached skill level 2 in Air Magic
  4502 | D:3      | Upgraded the game from 0.17-a0-848-g7e5c6af to 0.17-a0-854-g4a4ba72
  4581 | D:5      | Entered Level 5 of the Dungeon
  4655 | D:4      | Reached skill level 3 in Spellcasting
  4834 | D:5      | Reached XP level 7. HP: 21/38 MP: 11/14
  5073 | D:5      | Found a snail-covered altar of Cheibriados.
  5124 | D:5      | Upgraded the game from 0.17-a0-854-g4a4ba72 to 0.17-a0-870-gcb215c1
  5272 | D:5      | HP: 11/38 [something (2)]
  5280 | D:5      | HP: 7/38 [something (1)]
  5306 | D:5      | HP: 5/38 [worker ant zombie (5)]
  5722 | D:5      | Reached skill level 6 in Short Blades
  5722 | D:5      | Reached skill level 4 in Spellcasting
  5722 | D:5      | Reached skill level 3 in Air Magic
  6148 | D:5      | Reached skill level 4 in Conjurations
  6163 | D:5      | Found a staircase to the Ecumenical Temple.
  6180 | Temple   | Entered the Ecumenical Temple
  6322 | Temple   | Became a worshipper of Vehumet
  6628 | D:5      | Reached skill level 4 in Air Magic
  6628 | D:5      | Reached XP level 8. HP: 43/43 MP: 17/17
  7060 | D:6      | Reached skill level 5 in Spellcasting
  7175 | D:6      | Acquired Vehumet's first power
  7175 | D:6      | Offered knowledge of Flame Tongue by Vehumet.
  7366 | D:6      | Learned a level 1 spell: Flame Tongue
  7388 | D:6      | Reached skill level 3 in Translocations
  7756 | D:6      | Found a shadowy altar of Dithmenos.
  7842 | D:6      | Learned a level 1 spell: Summon Butterflies
  7902 | D:6      | Reached skill level 4 in Charms
  8038 | D:5      | Reached skill level 4 in Translocations
  8629 | D:6      | Reached skill level 6 in Spellcasting
  8629 | D:6      | Reached skill level 5 in Charms
  8823 | D:7      | Found a shattered altar of Ashenzari.
  8852 | D:7      | Reached skill level 5 in Translocations
  9075 | D:7      | Reached XP level 9. HP: 39/47 MP: 20/20
  9080 | D:7      | Learned a level 3 spell: Portal Projectile
  9149 | D:7      | Offered knowledge of Throw Flame by Vehumet.
  9171 | D:7      | Reached skill level 6 in Charms
  9171 | D:7      | Reached skill level 6 in Translocations
  9271 | D:7      | Reached skill level 7 in Spellcasting
  9430 | D:7      | HP: 8/46 [ogre/giant spiked club (13)]
  9467 | D:7      | HP: 13/47 [centaur (3)]
  9469 | D:7      | Reached skill level 1 in Fire Magic
  9599 | D:6      | Learned a level 2 spell: Throw Flame
  9819 | D:7      | Reached skill level 2 in Fire Magic
  9883 | D:7      | Reached skill level 7 in Translocations
 10030 | D:7      | Reached skill level 3 in Fire Magic
 10504 | D:7      | Reached skill level 1 in Summonings
 10827 | D:6      | Reached skill level 4 in Fire Magic
 11019 | D:7      | Learned a level 3 spell: Teleport Other
 11139 | D:7      | Reached skill level 8 in Spellcasting
 11153 | D:7      | Found a snail-covered altar of Cheibriados.
 11191 | D:7      | Reached skill level 2 in Summonings
 11625 | D:7      | Reached skill level 5 in Fire Magic
 11627 | D:7      | Found a shattered altar of Ashenzari.
 12182 | D:8      | Noticed Pikel
 12204 | D:8      | Killed Pikel
 12204 | D:8      | Reached skill level 5 in Conjurations
 12204 | D:8      | Reached skill level 3 in Summonings
 12204 | D:8      | Reached XP level 10. HP: 21/52 MP: 17/24
 12451 | D:8      | Noticed Gastronok
 12544 | D:8      | Found an ancient bone altar of Kikubaaqudgha.
 12605 | D:8      | Found a staircase to the Lair.
 12650 | D:8      | Offered knowledge of Conjure Flame by Vehumet.
 12655 | D:8      | Learned a level 3 spell: Conjure Flame
 12867 | Lair:1   | Entered Level 1 of the Lair of Beasts
 12984 | Lair:1   | Reached skill level 6 in Fire Magic
 13028 | Lair:1   | Acquired Vehumet's second power
 13102 | Lair:1   | Reached skill level 2 in Fighting
 13107 | Lair:1   | Reached skill level 6 in Conjurations
 13171 | Lair:1   | Found a labyrinth entrance.
 13183 | Lab      | Entered a labyrinth
 13430 | Lab      | Reached skill level 7 in Fire Magic
 13664 | Lab      | Reached skill level 7 in Conjurations
 13833 | Lab      | Noticed a minotaur
 13843 | Lab      | Killed a minotaur
 13843 | Lab      | Reached skill level 3 in Fighting
 13848 | Lab      | Got a vibrating ivory ring
 13897 | Lab      | Got a shimmering scale mail
 13911 | Lab      | Identified the cursed +0 scale mail of Impatience {Str+2} (You took it off a minotaur in a labyrinth)
 13921 | Lab      | Identified a +2 rod of ignition (10/10) {!a} (You took it off a minotaur in a labyrinth)
 13923 | Lab      | Identified the ring of the Genius {rPois rF+ Int+2} (You found it in a labyrinth)
 14055 | Lair:1   | Offered knowledge of Fulminant Prism by Vehumet.
 14055 | Lair:1   | Reached skill level 8 in Fire Magic
 14288 | Lair:1   | Reached XP level 11. HP: 60/60 MP: 24/25
 14841 | D:8      | Reached skill level 8 in Conjurations
 15278 | D:8      | Killed Gastronok
 15278 | D:8      | Reached skill level 4 in Fighting
 15278 | D:8      | Reached skill level 9 in Fire Magic
 15617 | D:8      | Acquired Vehumet's third power
 15711 | D:8      | Upgraded the game from 0.17-a0-870-gcb215c1 to 0.17-a0-877-ga10078a
 15904 | Lair:2   | Offered knowledge of Ignite Poison by Vehumet.
 16067 | Lair:2   | Reached skill level 8 in Translocations
 16184 | Lair:2   | Reached skill level 5 in Fighting
 16343 | Lair:2   | Reached skill level 9 in Translocations
 16823 | Lair:2   | Reached skill level 10 in Translocations
 16899 | Lair:2   | Reached XP level 12. HP: 60/69 MP: 18/26
 17176 | Lair:2   | Reached skill level 9 in Spellcasting
 17501 | Lair:2   | Reached skill level 7 in Charms
 17575 | Lair:2   | Reached skill level 6 in Fighting
 17706 | Lair:2   | Learned a level 3 spell: Ignite Poison
 17980 | Lair:3   | Noticed a seven-headed hydra
 17988 | Lair:3   | Killed a seven-headed hydra
 18020 | Lair:3   | Reached skill level 9 in Conjurations
 18072 | Lair:3   | Reached skill level 10 in Spellcasting
 18361 | Lair:3   | Found a staircase to the Swamp.
 18410 | Lair:3   | Offered knowledge of Bolt of Magma by Vehumet.
 18765 | Lair:3   | Upgraded the game from 0.17-a0-877-ga10078a to 0.17-a0-896-g249456b
 18808 | Lair:3   | Reached skill level 7 in Fighting
 18972 | Lair:3   | HP: 18/72 [worker ant (6)]
 18978 | Lair:3   | HP: 17/72 [poisoned by a soldier ant]
 18986 | Lair:3   | HP: 17/72 [poisoned by a soldier ant]
 19462 | Lair:2   | Reached skill level 11 in Spellcasting
 19556 | Lair:3   | HP: 16/72 [black mamba (13)]
 19562 | Lair:3   | HP: 16/72 [black mamba (8)]
 19569 | Lair:3   | HP: 13/72 [yak (4)]
 19772 | Lair:3   | Reached skill level 10 in Conjurations
 20389 | Lair:3   | Reached XP level 13. HP: 67/78 MP: 21/30
 20499 | Lair:3   | Reached skill level 10 in Fire Magic
 20723 | Lair:4   | Noticed Urug
 20739 | Lair:4   | Killed Urug
 20739 | Lair:4   | Reached skill level 8 in Fighting
 20739 | Lair:4   | Reached skill level 1 in Dodging
 21077 | Lair:4   | Reached skill level 2 in Dodging
 21118 | Lair:4   | Found a dark tunnel.
 21128 | Volcano  | Entered a volcano
 21260 | Volcano  | Reached skill level 12 in Spellcasting
 21327 | Volcano  | HP: 21/78 [fire elemental (6)]
 21776 | Lair:4   | Reached skill level 3 in Dodging
 21950 | Lair:4   | Offered knowledge of Venom Bolt by Vehumet.
 22502 | Lair:5   | Reached skill level 4 in Dodging
 22596 | Lair:5   | Upgraded the game from 0.17-a0-896-g249456b to 0.17-a0-910-ga669010
 22606 | Lair:5   | Found a staircase to the Snake Pit.
 23801 | Lair:6   | Reached skill level 5 in Dodging
 24176 | Lair:6   | Reached skill level 13 in Spellcasting
 24179 | Lair:6   | Reached skill level 9 in Fighting
 24220 | Lair:6   | Got a translucent tin amulet
 24223 | Lair:6   | Identified the amulet of Makhleb's Regard {Regen+ Dex+6} (You found it on level 6 of the Lair of Beasts)
 24563 | Lair:6   | Offered knowledge of Irradiate by Vehumet.
 24722 | Lair:6   | Reached skill level 6 in Dodging
 24816 | Lair:7   | Reached skill level 1 in Armour
 25444 | Lair:7   | Reached skill level 2 in Armour
 25515 | Lair:7   | Reached skill level 7 in Dodging
 25653 | Lair:7   | Reached XP level 14. HP: 72/86 MP: 24/33
 26003 | Lair:7   | Reached skill level 3 in Armour
 26191 | Lair:7   | Reached skill level 8 in Dodging
 26600 | Lair:8   | Entered Level 8 of the Lair of Beasts
 26611 | Lair:8   | Noticed Rupert
 26737 | D:9      | Noticed Maurice
 26752 | D:8      | Killed Maurice
 26956 | D:9      | Found a staircase to the Orcish Mines.
 26969 | D:9      | Offered knowledge of Lightning Bolt by Vehumet.
 27059 | D:9      | Learned a level 3 spell: Stone Arrow
 27586 | D:9      | Reached skill level 10 in Fighting
 27844 | D:10     | Entered Level 10 of the Dungeon
 27849 | D:10     | Reached skill level 4 in Armour
 28033 | D:10     | Found a sparkling altar of Nemelex Xobeh.
 28327 | D:10     | Reached skill level 9 in Dodging
 28855 | D:11     | Reached skill level 5 in Armour
 29331 | D:11     | Learned a level 4 spell: Control Teleport
 29490 | Orc:1    | Entered Level 1 of the Orcish Mines
 29490 | Orc:1    | Found Ryazurif's Book Emporium.
 29504 | Orc:1    | Offered knowledge of Ozocubu's Refrigeration by Vehumet.
 29514 | Orc:1    | Bought a book of Flames for 420 gold pieces
 29514 | Orc:1    | Bought a book of Enchantments for 600 gold pieces
 29523 | D:9      | Learned a level 4 spell: Sticky Flame
 29529 | D:9      | Learned a level 5 spell: Fireball
 30032 | Orc:1    | Reached skill level 8 in Charms
 30386 | Orc:3    | Reached skill level 9 in Charms
 30559 | Orc:3    | Offered knowledge of Spellforged Servitor by Vehumet.
 30864 | Orc:2    | Found a roughly hewn altar of Beogh.
 30958 | Orc:2    | Noticed an orc warlord
 30977 | Orc:2    | Killed an orc warlord
 30977 | Orc:2    | Reached skill level 10 in Charms
 31254 | Orc:2    | Reached skill level 14 in Spellcasting
 31558 | Orc:2    | Found a roughly hewn altar of Beogh.
 31820 | Orc:3    | Offered knowledge of Orb of Destruction by Vehumet.
 31885 | Orc:4    | Entered Level 4 of the Orcish Mines
 31936 | Orc:4    | Found a staircase to the Elven Halls.
 32716 | Orc:4    | Reached XP level 15. HP: 92/92 MP: 34/35
 32725 | Orc:4    | Learned a level 7 spell: Orb of Destruction
 32960 | Orc:4    | Found a roughly hewn altar of Beogh.
 32966 | Orc:4    | Noticed an orc warlord
 32980 | Orc:4    | Killed an orc warlord
 33119 | Orc:4    | Found Duhuiven's General Store.
 33125 | Orc:4    | Bought a scroll of identify for 24 gold pieces
 33125 | Orc:4    | Bought a scroll of identify for 24 gold pieces
 33134 | Orc:4    | Found Otwom's Antique Armour Shop.
 33141 | Orc:4    | Bought a pair of faintly glowing boots for 313 gold pieces
 33151 | Orc:4    | Identified the +2 pair of boots "Ennel" {rF+} (You bought it in a shop on level 4 of the Orcish Mines)
 33163 | Orc:4    | Found Ovu Tohu's Antique Weapon Shop.
 33195 | Orc:4    | Found Focumot's Book Shop.
 33220 | Orc:4    | Bought a wand of hasting (1) for 360 gold pieces
 33614 | D:12     | Found a frozen archway.
 33667 | IceCv    | Entered an ice cave
 33876 | IceCv    | Reached skill level 15 in Spellcasting
 33995 | IceCv    | Offered knowledge of Fire Storm by Vehumet.
 33995 | IceCv    | Offered knowledge of Shatter by Vehumet.
 33995 | IceCv    | Offered knowledge of Chain Lightning by Vehumet.
 34090 | IceCv    | Reached skill level 11 in Conjurations
 34492 | D:12     | Noticed Sonja
 34494 | D:12     | Noticed Nessos
 34494 | D:12     | Killed Sonja
 34515 | D:12     | Killed Nessos
 34701 | D:12     | Noticed Kirke
 34712 | D:12     | Killed Kirke
 35464 | Lair:1   | Learned a level 3 spell: Flight
 35786 | D:13     | Reached skill level 12 in Conjurations
 36400 | D:14     | Reached skill level 13 in Conjurations
 36525 | D:14     | Found a gate to the Vaults.
 36614 | D:14     | Reached skill level 16 in Spellcasting
 36885 | D:14     | Got a distressingly furry leather armour
 37411 | Lair:1   | Identified the +1 leather armour of Inviolability {rElec Str+3} (You found it on level 14 of the Dungeon)
 37792 | Lair:8   | Learned a level 2 spell: Repel Missiles
 37848 | Lair:8   | Paralysed by Rupert for 3 turns
 37853 | Lair:8   | Killed Rupert
 37854 | Lair:8   | Reached XP level 16. HP: 97/97 MP: 20/38
 37855 | Lair:8   | Reached skill level 14 in Conjurations
 37863 | Lair:8   | Found a staircase to the Slime Pits.
 39023 | Lair:8   | Got a pair of polished gloves
 39036 | Lair:8   | Identified the +1 pair of gloves of the Sparrow {Str+3 Dex+4 Slay+2} (You found it on level 8 of the Lair of Beasts)
 39037 | Lair:8   | Gained mutation: You have a pair of small horns on your head. [potion of beneficial mutation]
 39380 | Lair:2   | Reached skill level 17 in Spellcasting
 39531 | Lair:1   | Learned a level 6 spell: Haste
 39639 | D:15     | Entered Level 15 of the Dungeon
 39665 | D:15     | Reached skill level 15 in Conjurations
 39669 | D:15     | Reached skill level 10 in Dodging
 39709 | D:15     | Reached skill level 11 in Charms
 40097 | D:15     | Found a white marble altar of Elyvilon.
 40439 | D:15     | Reached skill level 12 in Charms
 40481 | D:15     | Reached skill level 11 in Dodging
 40482 | D:15     | Reached skill level 1 in Evocations
 40681 | D:15     | Found a staircase to the Depths.
 41057 | Swamp:1  | Entered Level 1 of the Swamp
 41061 | Swamp:1  | Reached skill level 2 in Evocations
 41336 | Swamp:1  | Reached skill level 3 in Evocations
 41753 | Swamp:2  | Reached skill level 4 in Evocations
 41989 | Swamp:2  | Reached skill level 12 in Dodging
 41989 | Swamp:2  | Reached skill level 5 in Evocations
 42651 | Swamp:3  | Reached skill level 6 in Evocations
 42651 | Swamp:3  | Reached XP level 17. HP: 102/102 MP: 32/40
 43332 | Swamp:4  | Entered Level 4 of the Swamp
 43449 | Swamp:4  | Reached skill level 7 in Evocations
 43526 | Swamp:4  | Reached skill level 13 in Dodging
 43816 | Swamp:3  | Reached skill level 8 in Evocations
 44387 | Swamp:4  | Reached skill level 9 in Evocations
 44438 | Swamp:4  | Reached skill level 14 in Dodging
 44493 | Swamp:4  | Noticed Mara
 44508 | Swamp:4  | Noticed Gorice's illusion
 44518 | Swamp:4  | Killed Mara
 44536 | Swamp:4  | Got a decaying rune of Zot
 44787 | Swamp:4  | Upgraded the game from 0.17-a0-910-ga669010 to 0.17-a0-913-g36eb389
 45013 | Snake:1  | Entered Level 1 of the Snake Pit
 45064 | Snake:1  | Reached skill level 10 in Evocations
 45877 | Snake:1  | Reached skill level 15 in Dodging
 46069 | Snake:2  | Found Xadgh's Assorted Antiques.
 46080 | Snake:2  | Bought a fine brass ring for 130 gold pieces
 46081 | Snake:2  | Identified the ring "Xaesch" {Dex+6 Slay+6} (You bought it in a shop on level 2 of the Snake Pit)
 46434 | Snake:2  | Reached XP level 18. HP: 84/107 MP: 15/41
 46968 | Snake:2  | Reached skill level 11 in Fire Magic
 47882 | Snake:3  | Reached skill level 16 in Dodging
 48282 | Snake:4  | Entered Level 4 of the Snake Pit
 48541 | Snake:4  | Reached skill level 12 in Fire Magic
 48997 | Snake:4  | Noticed Vashnia
 49006 | Snake:4  | Killed Vashnia
 49229 | Snake:4  | Reached skill level 13 in Fire Magic
 49461 | Snake:4  | Reached skill level 11 in Fighting
 50407 | Snake:4  | Reached skill level 14 in Fire Magic
 50590 | Snake:4  | Reached XP level 19. HP: 115/115 MP: 40/42
 50975 | Snake:4  | Got a serpentine rune of Zot
 51025 | Snake:4  | Reached skill level 12 in Fighting
 51390 | Vaults:1 | Entered Level 1 of the Vaults
 52424 | Vaults:1 | Reached skill level 15 in Fire Magic
 52758 | Vaults:1 | Reached skill level 1 in Stealth
 52769 | Vaults:1 | Reached skill level 2 in Stealth
 52778 | Vaults:1 | Found Hupaqaq's Assorted Antiques.
 53226 | Vaults:2 | Reached skill level 13 in Fighting
 53226 | Vaults:2 | Reached skill level 3 in Stealth
 53231 | Vaults:2 | HP: 17/119 [ettin zombie[a necromancer] (23)]
 53242 | Vaults:2 | HP: 33/119 [orc knight/great mace (19)]
 53559 | Vaults:2 | Reached skill level 4 in Stealth
 53864 | Vaults:2 | Reached skill level 5 in Stealth
 54180 | Vaults:2 | Found a portal to a secret trove of treasure.
 54191 | Vaults:2 | Got a transparent arbalest
 54192 | Vaults:2 | Identified the +6 arbalest of Ehamogat {venom, rC- Int+3 Dex+5} (You took it off a guardian mummy on level 2 of the Vaults)
 54608 | Vaults:2 | Reached skill level 6 in Stealth
 55082 | Vaults:3 | Got a pair of dazzling gloves
 55093 | Vaults:3 | Identified the +1 pair of gloves "Dihir" {+Inv rF- Int+3 Dex-2} (You found it on level 3 of the Vaults)
 55164 | Vaults:3 | Reached XP level 20. HP: 118/126 MP: 14/43
 55395 | Vaults:3 | Reached skill level 14 in Fighting
 55555 | Vaults:3 | Reached skill level 7 in Stealth
 55911 | Vaults:3 | Reached skill level 8 in Stealth
 56347 | Vaults:3 | Found a staircase to the Crypt.
 56347 | Vaults:3 | Found a basalt altar of Yredelemnul.
 56348 | Vaults:3 | Found an ancient bone altar of Kikubaaqudgha.
 56881 | Vaults:3 | Reached skill level 15 in Fighting
 57807 | Vaults:4 | Upgraded the game from 0.17-a0-913-g36eb389 to 0.17-a0-915-g8914353
 58201 | Vaults:4 | Reached skill level 16 in Conjurations
 58454 | Vaults:4 | Got a pair of encrusted boots
 58465 | Vaults:4 | Identified the +4 pair of boots "Itzucwy" {rPois rF++ Str-2 Stlth+} (You found it on level 4 of the Vaults)
 58612 | Vaults:4 | Reached skill level 16 in Fire Magic
 58716 | Vaults:4 | Got a brightly glowing storm dragon armour
 58727 | Vaults:4 | Identified the +10 storm dragon armour of Honesty {rElec rC+ MP+9 Str+4} (You found it on level 4 of the Vaults)
 58881 | Vaults:4 | Reached XP level 21. HP: 134/134 MP: 39/44
 59461 | Depths:1 | Entered Level 1 of the Depths
 60002 | Depths:1 | Reached skill level 13 in Charms
 60026 | Depths:1 | Found Vatimp's General Store.
 60032 | Depths:1 | Reached skill level 18 in Spellcasting
 60086 | Depths:1 | Found a shadowy altar of Dithmenos.
 60244 | Depths:1 | Reached skill level 17 in Conjurations
 60320 | Depths:1 | Found a one-way gate to the infinite horrors of the Abyss.
 60521 | Depths:1 | Found a runed warning-scrawled door.
 60835 | Depths:1 | Reached skill level 14 in Charms
 60914 | Depths:1 | Found a gateway to Hell.
 61052 | Depths:1 | Found a runed door.
 61052 | Depths:1 | Found a runed door.
 61217 | Depths:1 | Bought a wand of disintegration (21) for 525 gold pieces
 61636 | Depths:2 | Found Rymn's Food Shop.
 61831 | Depths:2 | Found a one-way gate leading to the halls of Pandemonium.
 61851 | Depths:2 | Noticed Wiglaf
 61859 | Depths:2 | Killed Wiglaf
 62063 | Depths:2 | Reached skill level 15 in Charms
 62380 | Depths:2 | Noticed Aizul
 62392 | Depths:2 | Killed Aizul
 62577 | Depths:2 | Reached skill level 18 in Conjurations
 62816 | Depths:2 | Identified the Volume of Igneous Transformation
 62845 | Depths:2 | Identified Ifuopton's Almanac of Congealing Conjuration (You found it on level 2 of the Depths)
 62853 | Depths:2 | Learned a level 6 spell: Bolt of Fire
 63257 | Orc:4    | Bought a scroll of acquirement for 624 gold pieces
 63260 | Orc:4    | Got a shimmering quick blade
 63261 | Orc:4    | Identified the +4 quick blade "Leco" {elec, +Rage rElec rF-} (You acquired it on level 4 of the Orcish Mines)
 63577 | Depths:2 | Reached XP level 22. HP: 140/140 MP: 46/46
 63755 | Depths:2 | Reached skill level 16 in Charms
 63789 | Depths:2 | Identified a +8 rod of ignition (11/11) (You found it on level 2 of the Depths)
 63928 | Depths:2 | Reached skill level 19 in Spellcasting
 64712 | Depths:3 | Got a faintly humming ring mail
 64791 | Depths:3 | Reached skill level 17 in Charms
 64894 | D:15     | Identified the cursed +1 ring mail of the Nights {rC+ SInv} (You found it on level 3 of the Depths)
 65133 | Depths:3 | Found a gateway to a ziggurat.
 65256 | Depths:3 | Identified the Almanac of Heat
 65324 | Depths:3 | Reached skill level 19 in Conjurations
 65401 | Depths:3 | Reached skill level 6 in Armour
 65411 | Depths:3 | Found a glowing silver altar of Zin.
 65471 | Depths:3 | Noticed an ancient lich
 65486 | Depths:3 | Killed an ancient lich
 65567 | Depths:3 | Paralysed by a sphinx for 5 turns
 65770 | Depths:3 | Reached skill level 7 in Armour
 65850 | Depths:3 | Got an ancient pewter ring
 65859 | Depths:3 | Identified the ring of Udacotas {SustAb rElec rPois rF++ rN+} (You took it off a necromancer on level 3 of the Depths)
 65989 | Depths:3 | Got a faintly glowing golden ring
 65990 | Depths:3 | Identified the ring of Noasuroe {Ice Str+3} (You found it on level 3 of the Depths)
 66011 | Depths:3 | Learned a level 2 spell: Swiftness
 66017 | Depths:3 | Reached skill level 8 in Armour
 66017 | Depths:3 | Reached XP level 23. HP: 144/144 MP: 48/48
 66036 | Depths:3 | Reached skill level 18 in Charms
 66908 | Depths:4 | Reached skill level 9 in Armour
 67008 | Depths:3 | HP: 35/144 [caustic shrike (14)]
 67246 | Depths:3 | Reached XP level 24. HP: 73/150 MP: 16/48
 67580 | Depths:4 | Found a deep blue altar of Sif Muna.
 67733 | Depths:4 | Reached skill level 7 in Short Blades
 67834 | Depths:4 | Noticed Jorgrun
 67846 | Depths:4 | Killed Jorgrun
 67858 | Depths:4 | Reached skill level 10 in Armour
 68158 | Depths:4 | Got a shimmering golden ring
 68160 | Depths:4 | Identified the ring "Vytir" {+Inv MP+9 Dex+4} (You took it off a deep elf fighter on level 4 of the Depths)
 68306 | Depths:4 | Got a heavily jewelled robe
 68307 | Depths:4 | Identified the cursed +1 robe of Altruism {Dex+6 Stlth+} (You took it off a deep elf knight on level 4 of the Depths)
 68568 | Depths:4 | Reached skill level 8 in Short Blades
 68577 | Depths:4 | Reached skill level 11 in Armour
 68651 | Depths:4 | Identified a +4 rod of ignition (14/14) {!a} (You took it off a deep elf demonologist on level 4 of the Depths)
 68658 | Depths:4 | Found a sacrificial altar of Ru.
 68751 | Depths:4 | Got a pitted scale mail
 68794 | Depths:3 | Identified the +5 scale mail of the Three Beggars {-Tele Dex+6} (You found it on level 4 of the Depths)
 69229 | Depths:4 | Found a glowing silver altar of Zin.
 69414 | Depths:4 | Found a shadowy altar of Dithmenos.
 69713 | Depths:5 | Entered Level 5 of the Depths
 69732 | Depths:5 | Found a magical portal.
 69742 | WizLab   | Entered Lehudib's Moon Base
 69803 | WizLab   | Reached skill level 12 in Armour
 69966 | WizLab   | Reached skill level 20 in Spellcasting
 70460 | WizLab   | Turgon: First time I see moon base wizlab
 70462 | WizLab   | Gorice: Yeah, moonbase eh? I've never been in this one before either
 70488 | WizLab   | Turgon: It's very new and I hoped it's something special
 70493 | WizLab   | Reached XP level 25. HP: 124/124 MP: 40/49
 70494 | WizLab   | Turgon: Rather looks like stone giant base
 70494 | WizLab   | Gorice: Abyss + stone giants so far!
 70496 | WizLab   | Reached skill level 13 in Armour
 70709 | WizLab   | Gorice: well here goes...
 70713 | WizLab   | zzxc: you've never been here?
 70714 | WizLab   | zzxc: it is easy to die here
 70714 | WizLab   | zzxc: in this final fight
 70714 | WizLab   | Gorice: No never before.
 70714 | WizLab   | Turgon: What's going on here now?
 70714 | WizLab   | zzxc: I think this is the worst unique in the game
 70714 | WizLab   | Gorice: well let's see what ancient evil awaits...
 70714 | WizLab   | Turgon: hobgoblins?
 70714 | WizLab   | Gorice: heh thanks for the foreboding words zzxc!
 70714 | WizLab   | zzxc: worst unique in a regular 3 rune gamae
 70714 | WizLab   | zzxc: I mean
 70719 | WizLab   | zzxc: np
 70723 | WizLab   | Turgon: oh
 70723 | WizLab   | Gorice: oh moon trolls!
 70723 | WizLab   | Turgon: That's why it's moon base
 70723 | WizLab   | Turgon: argh, singularity
 70723 | WizLab   | Gorice: sounds bad, never seen Singularity in action either!
 70733 | WizLab   | zzxc: I think you lucked out with those blinks
 70734 | WizLab   | zzxc: but yes
 70734 | WizLab   | zzxc: this char was probably better equipped to deal with moon troll than most
 70734 | WizLab   | Gorice: yep, sometimes you've got to ride your luck!
 70735 | WizLab   | zzxc: on my summoner I had to skip him
 70736 | WizLab   | zzxc: and on necromancer I almost died
 70736 | WizLab   | Gorice: yes I can see with that spell it could be tricky
 70736 | WizLab   | Gorice: if you don't have something that can kill it quick
 70736 | WizLab   | Gorice: Moon troll armour is nice
 70736 | WizLab   | Gorice: but not as nice as mine!
 70754 | WizLab   | zzxc: you are casting firestorm in storm dragon armour?
 70754 | WizLab   | Gorice: no only bolt of fire so far
 70754 | WizLab   | Gorice: might still go for it tho
 70755 | WizLab   | Got an encrusted quarterstaff
 70763 | WizLab   | zzxc: oh I thought I saw you casting it
 70763 | WizLab   | Gorice: fireball I think but longer range with Veh
 70765 | WizLab   | Identified the +3 quarterstaff of Beogh {venom, Stlth+} (You found it in a wizard's laboratory)
 70795 | WizLab   | Identified Lehudib's Reference Book on the Rocks
 70874 | Depths:5 | HP: 46/155 [hell knight/demon trident of draining (13)]
 71269 | Depths:5 | zzxc: wow
 71269 | Depths:5 | zzxc: that ring
 71269 | Depths:5 | Gorice: which one?
 71269 | Depths:5 | zzxc: Udacotas
 71269 | Depths:5 | zzxc: how aren't you wearing that?
 71269 | Depths:5 | Gorice: already have relec rpois and rf++ from armour
 71269 | Depths:5 | zzxc: let's see that armour then
 71269 | Depths:5 | Gorice: the other 2 are only needed rarely
 71269 | Depths:5 | zzxc: nice boots...
 71269 | Depths:5 | zzxc: sda too
 71269 | Depths:5 | zzxc: and gloves
 71269 | Depths:5 | zzxc: you're lucky
 71269 | Depths:5 | Gorice: yes artifact suddenly got good again
 71269 | Depths:5 | Gorice: at least on the strength of this game
 71269 | Depths:5 | Gorice: the SDA was the real game changer
 71632 | Depths:5 | Reached skill level 21 in Spellcasting
 71763 | Depths:5 | Reached skill level 14 in Armour
 71937 | Depths:5 | Gorice: OK sorry got to stop now - tea
 71937 | Depths:5 | Gorice: see you
 72033 | Depths:5 | Got a smoking robe
 72034 | Depths:5 | Identified the +0 robe "Gioss" {rF+ rN++} (You found it on level 5 of the Depths)
 72380 | Depths:5 | Reached skill level 11 in Evocations
 72603 | Depths:5 | Found a gate to the Realm of Zot.
 72860 | D:15     | Upgraded the game from 0.17-a0-915-g8914353 to 0.17-a0-931-g11a8995
 73011 | Lair:1   | Learned a level 5 spell: Phase Shift
 73126 | Elf:1    | Entered Level 1 of the Elven Halls
 73179 | Elf:1    | Noticed Roxanne
 73411 | Elf:1    | Killed Roxanne
 73421 | Elf:1    | Identified Roxanne's Collected Works on Mutagenic Stones (You took it off Roxanne on level 1 of the Elven Halls)
 73459 | Elf:1    | Reached skill level 15 in Armour
 73467 | Elf:1    | Identified the Handbook of Arcane Weapons and Summoning
 73714 | Elf:1    | Got a twisted robe
 73715 | Elf:1    | Identified the +1 robe "Posous" {-Cast rElec rC+++} (You found it on level 1 of the Elven Halls)
 73983 | Elf:1    | Noticed Agnes
 73988 | Elf:1    | Killed Agnes
 74109 | Elf:1    | Found Buacrav's Food Emporium.
 74455 | Elf:2    | Found a huge runed gate.
 74456 | Elf:2    | Found a huge runed gate.
 74456 | Elf:2    | Found a huge runed gate.
 74457 | Elf:2    | Found a huge runed gate.
 74467 | Elf:2    | Found a huge runed gate.
 74585 | Elf:2    | Reached skill level 12 in Evocations
 74953 | Elf:3    | Entered Level 3 of the Elven Halls
 75696 | Elf:3    | Reached XP level 26. HP: 147/160 MP: 50/50
 75724 | Elf:3    | Reached skill level 16 in Armour
 75883 | Elf:3    | Got a crude amber ring
 76247 | Elf:3    | Reached skill level 13 in Evocations
 76314 | Elf:3    | Got an ancient pewter ring
 76385 | Elf:3    | Identified the ring "Aruelu" {-Tele rPois rN+ EV+3 Dex+4 Stlth+} (You took it off a deep elf knight on level 3 of the Elven Halls)
 76386 | Elf:3    | Identified the ring "Dediafet" {rF+ MP-9 Int+4 Stlth+} (You took it off a deep elf demonologist on level 3 of the Elven Halls)
 76475 | Elf:3    | Got a shimmering ring mail
 76476 | Elf:3    | Identified the cursed +1 ring mail "Uhuywob" {Int+3} (You found it on level 3 of the Elven Halls)
 77184 | Crypt:1  | Entered Level 1 of the Crypt
 78264 | Crypt:2  | HP: 42/160 [??? (40)]
 78424 | Crypt:2  | Noticed Frederick
 78438 | Crypt:2  | Killed Frederick
 78758 | Crypt:2  | Reached skill level 17 in Armour
 78974 | Crypt:3  | Entered Level 3 of the Crypt
 79034 | Crypt:3  | Reached skill level 14 in Evocations
 79452 | Crypt:3  | Found an ancient bone altar of Kikubaaqudgha.
 79938 | Crypt:3  | Reached skill level 17 in Fire Magic
 79997 | Crypt:3  | Reached skill level 15 in Evocations
 80013 | Crypt:3  | Got a pair of ichor-stained gloves
 80032 | Crypt:3  | Identified the cursed +0 pair of gloves of Imperfection {Regen+ Str+4 Dex+3} (You found it on level 3 of the Crypt)
 80252 | Crypt:3  | Got a warped pewter amulet
 80260 | Crypt:3  | Upgraded the game from 0.17-a0-931-g11a8995 to 0.17-a0-945-g601bd79
 80303 | Crypt:3  | Identified the amulet of Miahoent {Ward -Tele rC+ rN+ Str+7} (You took it off a vampire mage on level 3 of the Crypt)
 80438 | Crypt:3  | Noticed Khufu
 80464 | Crypt:3  | HP: 44/160 [??? (42)]
 80466 | Crypt:3  | Killed Khufu
 80687 | Crypt:3  | Found a staircase to the Tomb.
 80763 | Crypt:3  | Reached skill level 18 in Fire Magic
 80770 | Crypt:3  | Got a sparkling turquoise ring
 80802 | Crypt:3  | Got a clouded lead ring
 80804 | Crypt:3  | Identified Sif Muna's Guide on Feathers
 80809 | Crypt:3  | Identified the ring "Koluc" {rN+ Dex+3} (You found it on level 3 of the Crypt)
 80810 | Crypt:3  | Identified the ring "Xolunov" {rN+ Int+8} (You took it off a death knight on level 3 of the Crypt)
 80816 | Crypt:3  | Identified the Handbook of Heat (You found it on level 3 of the Crypt)
 81605 | Vaults:2 | You paid a toll of a +3 ice dragon armour to enter a treasure trove
 81606 | Trove    | Entered a treasure trove
 81638 | Trove    | Got a twitching glass ring
 81654 | Trove    | Got a slimy bronze amulet
 81662 | Trove    | Got a scintillating iron ring
 81696 | Trove    | Got a fine plate armour
 81713 | Trove    | Got a fine quick blade
 81725 | Trove    | Got a blackened quick blade
 81733 | Trove    | Got a heavily runed scale mail
 81807 | Trove    | Identified the cursed +1 scale mail of Instinct {rElec rC++ rN++} (You found it in a treasure trove)
 81808 | Trove    | Identified the +0 quick blade "Demonslayer" {pierce, Dex+3} (You found it in a treasure trove)
 81809 | Trove    | Identified the +6 quick blade of Disgust {venom, rElec rPois MR+ Stlth+} (You found it in a treasure trove)
 81811 | Trove    | Identified the ring of Jealousy {rF+ rC+} (You found it in a treasure trove)
 81815 | Trove    | Identified the ring of Zagie {Slay+3 SInv} (You found it in a treasure trove)
 81823 | Trove    | Identified the amulet "Boobuod" {rMut +Fly rF+} (You found it in a treasure trove)
 81844 | Trove    | Identified the +3 plate armour "Obihetoh" {+Fly rElec rN++ Slay-3} (You found it in a treasure trove)
 82476 | Vaults:5 | Entered Level 5 of the Vaults
 82512 | Vaults:5 | Reached XP level 27. HP: 162/165 MP: 18/50
 82517 | Vaults:4 | Reached skill level 19 in Fire Magic
 83043 | Vaults:5 | Reached skill level 20 in Fire Magic
 83141 | Vaults:5 | Got an ivory long sword
 83314 | Vaults:5 | Got a glittering wooden ring
 83342 | Vaults:5 | Identified the ring "Bablushrosan" {Contam rF++ rN+ MR+ SInv} (You took it off a deep elf annihilator on level 5 of the Vaults)
 83442 | Vaults:5 | Upgraded the game from 0.17-a0-945-g601bd79 to 0.17-a0-957-ga3519be
 83551 | Vaults:5 | Noticed an ancient lich
 83555 | Vaults:5 | Killed an ancient lich
 83713 | Vaults:5 | Reached skill level 21 in Fire Magic
 84307 | Vaults:5 | Reached skill level 22 in Fire Magic
 84508 | Vaults:5 | Reached skill level 20 in Conjurations
 84525 | Vaults:5 | Identified the +9 long sword "Uqeteoha" {flame, Dex+2} (You took it off a frost giant on level 5 of the Vaults)
 84759 | Vaults:5 | Got a distressingly furry cloak
 84770 | Vaults:5 | Identified the cursed -5 cloak of Idonkiuguy {rCorr Str+3} (You found it on level 5 of the Vaults)
 84770 | Vaults:5 | --damn been looking for rCorr...
 84770 | Vaults:5 | --...only source is a -5 cloak!
 84799 | Vaults:5 | Got a silver rune of Zot
 84818 | Vaults:5 | Got a smoking plate armour
 84819 | Vaults:5 | Identified the cursed +1 plate armour "Behiush" {rF- rN+ Str+9 Slay-6} (You found it on level 5 of the Vaults)
 86358 | Zot:1    | Entered Level 1 of the Realm of Zot
 87633 | Zot:2    | Reached skill level 21 in Conjurations
 87870 | Zot:2    | Reached skill level 22 in Spellcasting
 88250 | Zot:2    | Reached skill level 2 in Shields
 88304 | Zot:2    | Got a dazzling dagger
 88305 | Zot:2    | Identified the +11 dagger "Trog's Fury" {venom, Int+3} (You found it on level 2 of the Realm of Zot)
 88677 | Zot:3    | Reached skill level 3 in Shields
 89069 | Zot:3    | Reached skill level 4 in Shields
 89293 | Zot:3    | Reached skill level 22 in Conjurations
 89516 | Zot:3    | Reached skill level 5 in Shields
 90367 | Zot:4    | HP: 46/165 [green draconian simulacrum[a purple draconian knight] (13)]
 91316 | Zot:4    | Reached skill level 23 in Fire Magic
 91321 | Zot:4    | Reached skill level 23 in Conjurations
 91328 | Zot:4    | Gained mutation: You are robust (+10% HP). [potion of beneficial mutation]
 92120 | Slime:1  | Entered Level 1 of the Pits of Slime
 92453 | Slime:4  | Found a viscous altar of Jiyva.
 92582 | Slime:5  | Learned a level 9 spell: Fire Storm
 92584 | Slime:6  | Entered Level 6 of the Pits of Slime
 92910 | Slime:6  | Noticed the royal jelly
 92914 | Slime:6  | Killed the royal jelly
 93217 | Slime:6  | Got a slimy rune of Zot
 93321 | Slime:6  | Got a garnet-studded ring mail
 93350 | Slime:6  | Identified the +1 ring mail of the Sky {rElec Str+5 Int+4 Stlth-} (You found it on level 6 of the Pits of Slime)
 93357 | Slime:6  | Identified the Collected Works on Gliding Black Secrets
 93706 | Lair:1   | Learned a level 3 spell: Regeneration
 93908 | Pan      | Entered Pandemonium
 94103 | Pan      | Reached skill level 24 in Conjurations
 94103 | Pan      | Reached skill level 24 in Fire Magic
 94352 | Pan      | Found an exit through the horrors of the Abyss.
 94628 | Pan      | Got a pitted dagger
 94629 | Pan      | Identified the +9 dagger "Wuaff" {pierce, Dex+3} (You found it in Pandemonium)
 94975 | Pan      | Upgraded the game from 0.17-a0-957-ga3519be to 0.17-a0-963-gaa5423c
 94977 | Depths:2 | Escaped Pandemonium
 94988 | Pan      | Entered Pandemonium
 95155 | Pan      | Found an exit through the horrors of the Abyss.
 95259 | Pan      | Noticed Ahuristre the pandemonium lord
 95587 | Pan      | HP: 38/181 [monstrous warmonger/bolt (26)]
 95594 | Pan      | HP: 39/181 [monstrous warmonger/bolt (21)]
 95863 | Pan      | Noticed Litor the pandemonium lord
 95867 | Pan      | Killed Litor the pandemonium lord
 96026 | Pan      | HP: 45/181 [??? (34)]
 96063 | Pan      | HP: 52/181 [balrug/divine providence (8)]
 96373 | Pan      | Paralysed by an infernal chaos champion for 4 turns
 96410 | Pan      | HP: 48/181 [balrug/divine providence (11)]
 96415 | Pan      | HP: 40/181 [balrug/divine providence (12)]
 96556 | Pan      | Reached skill level 18 in Armour
 96662 | Pan      | Found an exit through the horrors of the Abyss.
 97125 | Pan      | Found an exit through the horrors of the Abyss.
 97678 | Pan      | Noticed Adoschiaf the pandemonium lord
 97690 | Pan      | Killed Adoschiaf the pandemonium lord
 98083 | Pan      | Found an exit through the horrors of the Abyss.
 98113 | Pan      | Reached skill level 25 in Fire Magic
 98135 | Pan      | HP: 41/181 [Hell Sentinel/iron shot (44)]
 98137 | Pan      | HP: 3/181 [Hell Sentinel/blast of hellfire (39)]
 98140 | Pan      | Killed from afar by a Hell Sentinel

Action                   |  1- 3 |  4- 6 |  7- 9 | 10-12 | 13-15 | 16-18 | 19-21 | 22-24 | 25-27 || total
-------------------------+-------+-------+-------+-------+-------+-------+-------+-------+-------++-------
Melee: Dagger            |    64 |   261 |   376 |   279 |   276 |       |       |       |       ||  1256
       Staff             |       |       |       |     6 |    20 |     4 |     2 |       |     9 ||    41
       Short sword       |       |       |       |       |    26 |    37 |    32 |       |       ||    95
       Quick blade       |       |       |       |       |       |       |       |   242 |  1599 ||  1841
 Fire: Shortbow          |       |       |   253 |   120 |       |       |       |       |       ||   373
Throw: Stone             |     2 |       |       |       |       |       |       |       |       ||     2
 Cast: Shock             |    71 |    72 |    70 |     7 |    23 |     3 |       |       |     1 ||   247
       Apportation       |     2 |     2 |    11 |    12 |    10 |     4 |     8 |     6 |     3 ||    58
       Shroud of Golubri |       |    19 |    72 |    80 |    89 |    14 |    22 |    21 |    43 ||   360
       Flame Tongue      |       |       |   186 |   610 |   665 |    45 |    22 |       |       ||  1528
       Throw Flame       |       |       |    16 |    30 |   360 |    56 |    24 |    10 |    34 ||   530
       Blink             |       |       |    14 |    18 |    19 |    21 |    32 |    15 |    23 ||   142
       Teleport Other    |       |       |     5 |     1 |       |       |       |       |       ||     6
       Portal Projectile |       |       |     1 |     3 |     3 |       |       |       |       ||     7
       Conjure Flame     |       |       |       |   168 |   246 |    58 |    90 |    37 |    54 ||   653
       Ignite Poison     |       |       |       |     3 |       |       |       |       |       ||     3
       Summon Butterflie |       |       |       |     1 |       |       |       |     1 |       ||     2
       Stone Arrow       |       |       |       |       |   279 |   384 |   331 |   163 |   283 ||  1440
       Sticky Flame      |       |       |       |       |    98 |   125 |   101 |    46 |    85 ||   455
       Fireball          |       |       |       |       |   106 |   375 |   499 |    67 |    68 ||  1115
       Repel Missiles    |       |       |       |       |     1 |     1 |     5 |     4 |     6 ||    17
       Flight            |       |       |       |       |       |     5 |     1 |     1 |       ||     7
       Haste             |       |       |       |       |       |     1 |     1 |     1 |     4 ||     7
       Orb of Destructio |       |       |       |       |       |       |    12 |    21 |    25 ||    58
       Control Teleport  |       |       |       |       |       |       |     5 |     1 |     4 ||    10
       Bolt of Fire      |       |       |       |       |       |       |       |   307 |  1291 ||  1598
       Swiftness         |       |       |       |       |       |       |       |     1 |     4 ||     5
       Phase Shift       |       |       |       |       |       |       |       |       |    44 ||    44
       Regeneration      |       |       |       |       |       |       |       |       |    34 ||    34
       Fire Storm        |       |       |       |       |       |       |       |       |     8 ||     8
Evoke: Wand              |       |       |     5 |     7 |     1 |     5 |       |     4 |    18 ||    40
       Staff of energy   |       |       |       |    23 |   186 |   115 |   410 |   269 |   964 ||  1967
  Use: Scroll            |     5 |     6 |    10 |     8 |    22 |     5 |     8 |     7 |    44 ||   115
       Potion            |       |     1 |     3 |     3 |     2 |     2 |     3 |     1 |     6 ||    21
 Stab: Sleeping          |     1 |     2 |       |       |       |       |       |       |     3 ||     6
       Distracted        |       |       |     1 |       |       |       |       |       |     2 ||     3
       Paralysed         |       |       |       |       |       |       |       |       |     2 ||     2
  Eat: Chunk             |     4 |    12 |    18 |    23 |    62 |    34 |    55 |    39 |    77 ||   324
       Pizza             |       |     1 |     1 |       |     1 |     1 |     2 |     1 |     3 ||    10
       Beef jerky        |       |       |     3 |     1 |     1 |     1 |     1 |     1 |     5 ||    13
       Bread ration      |       |       |       |     1 |     1 |     2 |       |       |     4 ||     8
       Meat ration       |       |       |       |       |       |     2 |     1 |     1 |     9 ||    13

Table legend:
 A = Turns spent in this place as a percentage of turns spent in the entire game.
 B = Non-inter-level travel turns spent in this place as a percentage of non-inter-level travel turns spent in the entire game.
 C = Inter-level travel turns spent in this place as a percentage of turns spent in this place.
 D = Turns resting spent in this place as a percentage of non-inter-level travel turns spent in this place.
 E = Turns spent auto-exploring this place as a percentage of non-inter-level travel turns spent in this place.
 F = Non-inter-level travel turns spent in this place divided by the number of levels of this place that you've seen.
                   A       B       C       D       E      F
               +-------+-------+-------+-------+-------+----------------------
         Total | 100.0 | 100.0 |   0.5 |   2.1 |   3.0 | 670.1
       Dungeon |  20.1 |  20.1 |   0.7 |   2.8 |   3.9 | 645.6
        Temple |   0.1 |   0.1 |   6.7 |   0.0 |  60.7 |  28.0
          Lair |  14.8 |  14.8 |   0.9 |   2.9 |   2.5 | 890.1
         Swamp |   2.9 |   2.9 |   0.4 |   2.1 |   4.8 | 353.2
     Snake Pit |   5.0 |   5.0 |   0.5 |   5.2 |   4.2 | 597.2
    Slime Pits |   1.7 |   1.7 |   0.4 |   3.0 |   0.5 | 134.8
  Orcish Mines |   5.3 |   5.3 |   0.7 |   1.0 |   2.0 | 637.5
   Elven Halls |   3.4 |   3.4 |   0.3 |   0.9 |   3.9 | 546.0
        Vaults |  11.4 |  11.4 |   0.4 |   1.8 |   2.2 | 1100.6
         Crypt |   4.8 |   4.8 |   0.2 |   2.2 |   2.7 | 778.7
        Depths |  14.7 |  14.7 |   0.5 |   1.1 |   1.9 | 1415.6
           Zot |   5.4 |   5.4 |   0.2 |   0.4 |   4.8 | 654.5
   Pandemonium |   5.5 |   5.5 |   0.0 |   1.4 |   4.2 | 532.6
     Labyrinth |   1.1 |   1.1 |   0.0 |   3.3 |   0.0 | 510.0
         Trove |   0.5 |   0.5 |   0.0 |   0.0 |   0.0 | 237.0
      Ice Cave |   1.0 |   1.0 |   0.0 |   1.5 |   0.2 | 462.0
       Volcano |   0.6 |   0.6 |   0.0 |   0.0 |   0.0 | 268.0
        Wizlab |   1.9 |   2.0 |   0.0 |   0.6 |   0.4 | 943.0
               +-------+-------+-------+-------+-------+----------------------

Vault maps used:
D:1:      dpeg_arrival_chambers_temple_mockup, st_stairs_3,
          hangedman_decor_slide_cut, lemuel_old_faithful
D:2:      serial_curves, eino_curves_02, eino_curves_01, first_bread,
          kennysheep_jessica_study
D:3:      uniq_jessica
D:4:      kennysheep_small_circle
D:5:      wad_woods_tower, minmay_temple_entry_statues_fountains,
          lemuel_tele_altar
D:6:      nicolae_dithmenos_the_darkroom
D:7:      lemuel_coloured_pillars_altar, evilmike_ruin_ashenzari, basic_altar,
          serial_undead, serial_undead_a, serial_undead_f, serial_undead_a,
          serial_undead_f, serial_undead_d, minmay_misc_feat_encased,
          grunt_ogre_cave
D:8:      minmay_goldmine, kiku_gazebo_pond_becter, lair_0_dummy,
          kennysheep_kite_vault, uniq_gastronok, uniq_pikel
D:9:      orc_0_dummy, uniq_maurice
D:10:     nemelex_diamond_rough_becter
D:11:     minmay_misc_feat_four_crosses
D:12:     special_room, portal_ice_cave_entry_pillars_02, minmay_librarian,
          uniq_kirke, uniq_sonja, uniq_nessos
D:14:     grunt_vaults_entry_tiered, kennysheep_flooded_box
D:15:     gammafunk_enter_depths_forms, serial_bayou_pond_d,
          grunt_ministairs_10, elyvilon_altar_4
Temple:   nicolae_temple_elliptical
Lair:1:   lab_entry_generic
Lair:2:   bobbens_dragon_lair_wall
Lair:3:   swamp_mist, minivault_29
Lair:4:   nicolae_volcano_entry_lava_flow, uniq_urug
Lair:5:   guppyfry_snake_entry_garden
Lair:6:   infiniplex_staircase_pool_2, serial_bayou_shore_b
Lair:7:   pond_and_an_island_with_a_cottage, hangedman_lair_generics_rect
Lair:8:   grunt_lair_end_beastmaster, slime_dummy, uniq_rupert
Swamp:1:  evilmike_swamp_ruin_house_1
Swamp:2:  serial_swamp_ruin, evilmike_swamp_ruin_house_3,
          evilmike_swamp_ruin_rubble_1, evilmike_swamp_ruin_house_2
Swamp:3:  evilmike_swamp_ruin_house_5
Swamp:4:  swamp, uniq_mara
Snake:2:  serial_shops, shop_statue, grunt_megastairs_3
Snake:3:  basic_stair_grate_trap
Snake:4:  grunt_snake_rune_serpentine_throne, st_stairs_8, grunt_ministairs_13,
          spider_trap, minmay_snake_pond, uniq_vashnia
Slime:4:  basic_altar
Orc:1:    serial_shops, shop
Orc:2:    orc_temple, basic_altar
Orc:3:    nicolae_orc_pool_cavern
Orc:4:    grunt_orc_cross
Elf:1:    serial_shops, shop, minmay_elf_sorcery, grunt_ministairs_2,
          uniq_agnes, uniq_roxanne
Elf:2:    grunt_ministairs_9
Elf:3:    elf_hall
Vaults:1: nicolae_vaults_display_case, ontoclasm_vaults_idyll,
          ontoclasm_vaults_ring_square, vaults_mumra_chevron_long, v_misc_3,
          v_misc_2, hangedman_vaults_trim, nicolae_vaults_little_squares_2,
          serial_shops, nicolae_shop_stone
Vaults:2: v_misc_27, nicolae_vaults_circle_grid_a, vaults_room_pools,
          vaults_room_ringed_pool, v_alt_pattern_5, nicolae_vaults_puzzle_piece,
          v_misc_2, vaults_mumra_hex, v_misc_13,
          vaults_mumra_minichess_inversion, ontoclasm_vaults_twist,
          ontoclasm_vaults_ligature, v_alt_pattern_4,
          nicolae_trove_entry_path_of_doom
Vaults:3: nicolae_vaults_theta, st_star, minmay_crypt_entry_necro_gods,
          v_misc_27, nicolae_vaults_border_crossing, v_misc_8,
          nicolae_vaults_theta, hangedman_vaults_slice
Vaults:4: hangedman_vaults_stagger, ontoclasm_vaults_ring_small,
          ontoclasm_vaults_ring_large, v_misc_3, ontoclasm_vaults_pinch,
          st_hourglassy, v_misc_8, ontoclasm_vaults_fault, v_rooms_4,
          nicolae_vaults_hallways_thing, hangedman_vaults_cutoff,
          nicolae_vaults_little_squares_3, vaults_room_hallway,
          vaults_dpeg_encased_lava, vaults_standard_mumra_x,
          nicolae_vaults_little_ls
Crypt:1:  grunt_crypt_arrival_webbed
Crypt:2:  uniq_frederick
Crypt:3:  grunt_crypt_end_deaths_head
Depths:1: basic_altar, abyss_entry, serial_shops, shop_statue, lightli_too_deep,
          spider_trap, grunt_decor_cap, mikee_hates_you, serial_bayou_shore_b
Depths:2: little_maze_vault, rand_demon_pan_entry_5, hex_intersection,
          serial_shops, kennysheep_mini_moat, abyss_entry,
          grunt_hell_entry_dis_grunt, st_stairs_10, uniq_wiglaf, uniq_aizul
Depths:3: minmay_four_inscribed_fans, enter_ziggurat_d, hell_entry,
          lemuel_statue_altar, rand_demon_pan_entry_7, kennysheep_inner_square
Depths:4: grunt_profane_halls, hell_entry, abyss_entry, uniq_jorgrun
Depths:5: evilmike_zot_entry_round, infiniplex_enter_wizlab_glasses,
          serial_sigils, serial_sigils_hangedman_writhe,
          serial_sigils_hangedman_carve, serial_sigils_hangedman_scratch,
          serial_sigils_hangedman_quiver, hell_entry, kilobyte_mutagenic_chamber
Zot:1:    evilmike_crystal_ball_defense, grunt_ministairs_5
Zot:3:    zot_minivault_5
Zot:4:    stair_cage_line
Pan:      evilmike_mini_pan_pillars, pan_blood_fountain,
          nicolae_pan_mnolegish_5, rand_demon_6, rand_demon_2,
          nicolae_pan_sigil_uleosi, nicolae_pan_mnolegish_1,
          evilmike_mini_pan_doors, nicolae_pan_sigil_nadil, grunt_pan_spiral
Lab:      labyrinth_spiral, labyrinth_skeletal_remains, labyrinth_glass_1,
          nicolae_lab_very_dead_end, nicolae_lab_quarters, nicolae_lab_hexagon,
          nicolae_lab_starburst
Trove:    trove_dig
IceCv:    ice_cave_tombish
Volcano:  volcano_overflow
WizLab:   wizlab_lehudib
